 Dungeon Crawl Stone Soup version 0.20-a0-876-g2c7b0bf (webtiles) character file.

4527 Foodle the Cruncher (level 10, -8/53 HPs)
             Began as a Tengu Gladiator on Mar 15, 2017.
             Was a Priest of the Shining One.
             Mangled by a two-headed ogre
             ... wielding a +0 dire flail
              (15 damage)
             ... on level 8 of the Dungeon.
             The game lasted 00:35:42 (6028 turns).

Foodle the Cruncher (Tengu Gladiator)               Turns: 6028, Time: 00:35:42

Health: -8/53      AC: 13    Str: 15    XL:     10   Next: 39%
Magic:  11/11      EV: 15    Int:  9    God:    the Shining One [***...]
Gold:   351        SH:  6    Dex: 22    Spells: 9/9 levels left

rFire    x . .     SeeInvis .   a - +0 quarterstaff
rCold    + + .     Gourm    .   y - +5 ring mail
rNeg     + . .     Faith    .   (shield currently unavailable)
rPois    +         Spirit   .   c - +2 hat
rElec    .         Reflect  +   N - scarf {rC+}
rCorr    +         Harm     .   (no gloves)
MR       .....                  (boots unavailable)
Stlth    +.........             m - +6 amulet of reflection
Regen    0.2/turn               D - ring "Ucsy" {Ice rPois Dex+4 Slay+3}
MPRegen  0.2/turn               q - ring of resist corrosion

@: glowing
A: beak, talons 3, able to fly 1
a: Fly, Divine Shield, Renounce Religion


You were on level 8 of the Dungeon.
You worshipped the Shining One.
The Shining One was most pleased with you.
You were not hungry.

You visited 1 branch of the dungeon, and saw 8 of its levels.

You collected 351 gold pieces.

Inventory:

Hand Weapons
 a - a +0 quarterstaff (weapon)
Missiles
 d - 4 throwing nets (quivered)
Armour
 c - a +2 hat (worn)
 y - a +5 ring mail (worn)
 N - a scarf of cold resistance (worn)
Magical Staves
 v - an uncursed staff of air
Jewellery
 m - a +6 amulet of reflection (around neck)
 q - a ring of resist corrosion (left hand)
 r - an uncursed ring of flight
 D - the ring "Ucsy" (right hand) {Ice rPois Dex+4 Slay+3}
   (You found it on level 5 of the Dungeon)

   [ring of ice]

   It enhances your ice magic.
   It affects your dexterity (+4).
   It affects your accuracy and damage with ranged weapons and melee attacks
   (+3).
   It makes you vulnerable to fire.
   It protects you from cold.
   It protects you from poison.
 J - an uncursed amulet of rage
Wands
 x - a wand of digging (19/24)
 G - a wand of flame (20/48)
 I - a wand of acid (5/15)
 L - a wand of polymorph (8/24)
Scrolls
 g - 3 scrolls of blinking
 h - 7 scrolls of remove curse
 l - 2 scrolls of magic mapping
 s - a scroll of fear
 t - 3 scrolls of fog
 w - a scroll of noise
 z - a scroll of identify
 A - a scroll of amnesia
 F - a scroll of teleportation
 H - a scroll of immolation {unknown}
Potions
 b - 2 potions of curing {unknown}
 f - a potion of ambrosia {unknown}
 i - 2 potions of lignification {unknown}
 j - a potion of degeneration {unknown}
 n - 2 potions of might {unknown}
 o - 2 potions of brilliance
 u - a potion of flight {unknown}
 B - a potion of haste {unknown}
 E - 3 potions of heal wounds {unknown}
 M - a potion of berserk rage {unknown}
Books
 e - a book of Necromancy

   Spells                             Type                      Level
   a - Pain                           Necromancy                   1
   b - Animate Skeleton               Necromancy                   1
   c - Vampiric Draining              Necromancy                   3
   d - Regeneration                   Charms/Necromancy            3
   e - Animate Dead                   Necromancy                   4
   f - Control Undead                 Necromancy                   4
   The Shining One disapproves of the use of such an item.
 p - a book of Misfortune

   Spells                             Type                      Level
   a - Confusing Touch                Hexes                        1
   b - Confuse                        Hexes                        3
   c - Gell's Gravitas                Translocation                3
   d - Petrify                        Transmutation/Earth          4
   e - Metabolic Englaciation         Hexes/Ice                    5
   f - Yara's Violent Unravelling     Hexes/Transmutation          5
Comestibles
 k - 2 meat rations
 C - 4 bread rations
 K - 6 royal jellies


   Skills:
 - Level 2.0 Fighting
 - Level 14.0 Staves
 - Level 2.0 Throwing
 - Level 6.0 Armour
 * Level 5.7 Dodging


You had 9 spell levels left.
You didn't know any spells.

Dungeon Overview and Level Annotations

Branches:
Dungeon (8/15)             Temple (0/1) D:5
   Lair: D:8-11

Altars:
Qazlal
Xom
The Shining One


Innate Abilities, Weirdness & Mutations

You have a beak for a mouth.
You have claws for feet.
You can fly.


Message History

Your Dodging skill increases to level 5!
You block the two-headed ogre's attack.
The two-headed ogre hits you with a giant club!!
The Shining One protects you from harm!
As you read the scroll of fear, it crumbles to dust.
You assume a fearsome visage.
The two-headed ogre looks frightened!
You feel yourself speed up.
Your divine shield fades away.
You block the two-headed ogre's attack. The two-headed ogre barely misses you.
You hit the two-headed ogre.
The two-headed ogre is lightly wounded.
The two-headed ogre hits you with a dire flail!
The Shining One protects you from harm!
The two-headed ogre hits you but does no damage.
You barely miss the two-headed ogre. You claw the two-headed ogre.
The two-headed ogre is lightly wounded.
You hit the two-headed ogre. You claw the two-headed ogre.
The two-headed ogre is moderately wounded.
The two-headed ogre hits you with a dire flail!
You die...

### #..
#####.#######
######## #.. .....
..# # ).<....#
#.###.#.#... ..
.#####.#
#.#.#.#.#.#.#.# .##
#.# #..#..........
..# #.#
#.O.....###.#
.#####.####
#@###.......#
###.......# #.#
#....#### #.##.##.#
#.###...##
#.##.##.## ##...#.##
#.##....<#
#####.#### +# #
#.#####..# #.......#
... ###(..>....#
#.#####.# ....
.######.##.# #.# #.#
.....
..####...#.#######.#
#)##......


You could see a two-headed ogre.

Vanquished Creatures
  Erica (D:8)
  Pikel (D:6)
  A human (D:7)
  Eustachio (D:6)
  4 hogs (D:7)
  Menkaure (D:6)
  Edmund (D:6)
  2 orc warriors (D:7)
  2 sky beasts
  An ice beast (D:8)
  2 phantoms
  A black bear (D:8)
  4 ogres
  A necrophage (D:5)
  The ghost of Demise101 the Poker, an amateur MfBe of Trog (D:3)
  A centaur (D:5)
  A bullfrog (D:7)
  2 scorpions
  3 crimson imps
  A quasit (D:5)
  4 orc priests
  2 hounds
  4 orc wizards (D:7)
  A jelly (D:6)
  Jessica (D:2)
  Ijyb (D:2)
  Terence (D:2)
  2 worker ants
  A hound skeleton (D:4)
  A worker ant zombie (D:7)
  8 gnolls
  10 adders
  An adder zombie (D:7)
  4 oozes
  5 adder skeletons
  4 worms
  2 dart slugs
  A leopard gecko (D:3)
  14 orcs
  3 ball pythons
  5 giant cockroaches
  7 goblins
  8 hobgoblins
  6 jackals (D:5)
  3 quokkas
  12 bats
  2 frilled lizards
  A goblin zombie (D:5)
  A hobgoblin zombie (D:5)
  8 kobolds
  A kobold skeleton (D:5)
  A leopard gecko skeleton (D:6)
  An orc skeleton (D:5)
  2 orc zombies (D:5)
  13 rats
  2 butterflies (D:7)
175 creatures vanquished.

Vanquished Creatures (others)
  A slave (D:6)
  An ogre (D:6)
2 creatures vanquished.

Grand Total: 177 creatures vanquished

Notes
Turn   | Place    | Note
-------+----------+-------------------------------------------
     0 | D:1      | Foodle the Tengu Gladiator began the quest for the Orb.
     0 | D:1      | Reached XP level 1. HP: 12/12 MP: 2/2
   179 | D:1      | Reached XP level 2. HP: 17/17 MP: 3/3
   239 | D:1      | Reached skill level 4 in Staves
   725 | D:1      | Reached XP level 3. HP: 21/21 MP: 4/4
   808 | D:2      | Noticed Ijyb
   844 | D:2      | Killed Ijyb
   844 | D:2      | Reached skill level 5 in Staves
   844 | D:2      | Reached XP level 4. HP: 4/26 MP: 5/5
  1176 | D:2      | Found a glowing golden altar of the Shining One.
  1220 | D:2      | Became a worshipper of the Shining One
  1223 | D:2      | Noticed Terence
  1238 | D:2      | Killed Terence
  1238 | D:2      | Reached skill level 6 in Staves
  1238 | D:2      | Gained mutation: You can fly. [Tengu growth]
  1238 | D:2      | Reached XP level 5. HP: 28/30 MP: 6/6
  1364 | D:2      | Noticed Jessica
  1372 | D:2      | Killed Jessica
  1816 | D:3      | Noticed Demise101's ghost (amateur MfBe)
  1833 | D:3      | Killed Demise101's ghost
  1833 | D:3      | Reached skill level 7 in Staves
  1833 | D:3      | Reached XP level 6. HP: 35/35 MP: 7/7
  2516 | D:4      | Reached skill level 8 in Staves
  2530 | D:4      | Reached XP level 7. HP: 40/40 MP: 8/8
  2641 | D:4      | Reached * piety under the Shining One
  2653 | D:4      | Reached skill level 9 in Staves
  2979 | D:5      | Entered Level 5 of the Dungeon
  3056 | D:5      | Found a staircase to the Ecumenical Temple.
  3085 | D:5      | Reached skill level 10 in Staves
  3085 | D:5      | Reached XP level 8. HP: 23/44 MP: 9/9
  3347 | D:5      | Got a coiled amber ring
  3348 | D:5      | Identified the ring "Ucsy" {Ice rPois Dex+4 Slay+3} (You found it on level 5 of the Dungeon)
  3506 | D:5      | Reached skill level 11 in Staves
  3635 | D:5      | Reached ** piety under the Shining One
  3636 | D:5      | Found a glowing golden altar of the Shining One.
  3991 | D:6      | Noticed Eustachio
  4003 | D:6      | Killed Eustachio
  4016 | D:6      | Noticed Pikel
  4030 | D:6      | Killed Pikel
  4030 | D:6      | Reached skill level 12 in Staves
  4030 | D:6      | Reached XP level 9. HP: 46/48 MP: 10/10
  4033 | D:6      | Noticed Menkaure
  4041 | D:6      | Killed Menkaure
  4300 | D:6      | Noticed Edmund
  4307 | D:6      | Killed Edmund
  4307 | D:6      | Reached skill level 13 in Staves
  4775 | D:7      | Found a shimmering altar of Xom.
  5199 | D:7      | Found a stormy altar of Qazlal.
  5302 | D:7      | Reached skill level 14 in Staves
  5308 | D:7      | Reached *** piety under the Shining One
  5336 | D:7      | Reached XP level 10. HP: 23/53 MP: 11/11
  5339 | D:7      | Reached skill level 5 in Armour
  5989 | D:8      | Noticed Erica
  5989 | D:8      | Noticed a two-headed ogre
  6003 | D:8      | HP: 2/53 [Erica/orb of energy (29)]
  6004 | D:8      | Killed Erica
  6004 | D:8      | Reached skill level 5 in Dodging
  6005 | D:8      | The Shining One protects you from harm!
  6026 | D:8      | The Shining One protects you from harm!
  6028 | D:8      | Mangled by a two-headed ogre

Vault maps used:
D:1:      onia_arrival_mini_spirals
D:2:      lemuel_crystal_altar, hangedman_decor_peaks_small,
          corexii_corridor_pit, st_stairs_10, kennysheep_crisscross,
          uniq_terence, uniq_iyjb, uniq_jessica
D:3:      wad_river_or_something
D:5:      temple_doors_e, first_bread, nicolae_tso_besieged_by_evil
D:6:      uniq_eustachio, uniq_pikel, uniq_menkaure, uniq_edmund
D:7:      xom_butterflies, nicolae_qazlal_general_emergency, grunt_livestock,
          dk_noncrumbling_4, uniq_crazy_yiuf_cottage
D:8:      tgw_trog, hangedman_abyss_or_decor_passed, kennysheep_generic_room_4,
          uniq_maurice, uniq_erica

Skill      XL: |  1  2  3  4  5  6  7  8  9 10 |
---------------+-------------------------------+-----
Staves         | 4 5 6 7 8 10 12 14 | 14.0
Armour         | 4 6 |  6.0
Dodging        | 5 |  5.7
Fighting       | |  2.0
Throwing       | |  2.0

Action                   |  1- 3 |  4- 6 |  7- 9 | 10-12 || total
-------------------------+-------+-------+-------+-------++-------
Melee: Quarterstaff      |    65 |   144 |   257 |    50 ||   516
       Kick              |    14 |    45 |    83 |    15 ||   157
       Peck              |     6 |    19 |    46 |    12 ||    83
Invok: Divine Shield     |       |       |       |     1 ||     1
  Use: Scroll            |     1 |    10 |     2 |     7 ||    20
       Potion            |     1 |     1 |       |       ||     2
 Stab: Sleeping          |     1 |     1 |       |       ||     2
  Eat: Bread ration      |       |     1 |       |       ||     1
       Fruit             |       |     1 |       |       ||     1
       Royal jelly       |       |       |     1 |       ||     1
       Meat ration       |       |       |     1 |     1 ||     2
       Chunk             |       |       |     1 |     2 ||     3
Armor: Leather armour    |     8 |     3 |       |       ||    11
       Ring mail         |       |    22 |    28 |     7 ||    57
Dodge: Dodged            |    43 |    77 |    83 |    11 ||   214
Block: Other             |       |    27 |    31 |     5 ||    63
       Reflection        |       |       |     1 |       ||     1
